 Dungeon Crawl Stone Soup version 0.30-a0-292-g0f741e3f8e (webtiles) character file.

Game seed: 14599342261927828643

160 Flugkiller the Cutter (level 5, 38/38 HPs)
             Began as a Demonspawn Gladiator on Oct 17, 2022.
             Quit the game on level 4 of the Dungeon.
             The game lasted 00:01:47 (2353 turns).

Flugkiller the Cutter (Demonspawn Gladiator)        Turns: 2353, Time: 00:01:47

Health: 38/38      AC:  9    Str: 14    XL:     5   Next: 17%
Magic:  5/5        EV: 15    Int:  9    God:
Gold:   200        SH:  0    Dex: 23    Spells: 4/4 levels left

rFire   . . .      SeeInvis .    a - +0 rapier
rCold   . . .      Faith    .    (no shield)
rNeg    . . .      Spirit   +    b - +0 leather armour
rPois   .          Reflect  .    f - +0 helmet
rElec   .          Harm     .    (no cloak)
rCorr   .          Rampage  .    g - +0 pair of gloves
Will    .....                    (no boots)
Stlth   ++........               u - amulet of guardian spirit
HPRegen 0.26/turn                p - +4 ring of protection
MPRegen 0.09/turn                n - +6 ring of dexterity

@: no status effects
A: repulsion field 1, ignite blood 2
a: no special abilities


You were on level 4 of the Dungeon.
You visited 1 branch of the dungeon, and saw 4 of its levels.

You collected 200 gold pieces.

Inventory:

Hand Weapons
 a - a +0 rapier (weapon)
 l - the +4 short sword of the Wolf {freeze, rPois rN+ Dex-3}
   (You found it on level 2 of the Dungeon)

   It freezes those it strikes, dealing additional cold damage.
   It can also slow down cold-blooded creatures.
   Dex:       It affects your dexterity (-3).
   rPois:     It protects you from poison.
   rN:        It protects you from negative energy.
Missiles
 e - a javelin
 k - 3 throwing nets (quivered)
Armour
 b - a +0 leather armour (worn)
 f - a +0 helmet (worn)
 g - a +0 pair of gloves (worn)
   (You found it on level 2 of the Dungeon)
 o - the +1 leather armour "Dopuwk" {rF+ Regen+ rCorr Dex+4}
   (You found it on level 3 of the Dungeon)

   Dex:       It affects your dexterity (+4).
   rF:        It protects you from fire.
   Regen:     It increases your rate of health regeneration.
   rCorr:     It protects you from acid and corrosion.
Jewellery
 c - a ring of protection from cold
   (You found it on level 2 of the Dungeon)
 m - a ring of resist corrosion
   (You found it on level 2 of the Dungeon)
 n - a +6 ring of dexterity (right hand)
   (You took it off a goblin on level 2 of the Dungeon)
 p - a +4 ring of protection (left hand)
   (You found it on level 1 of the Dungeon)
 q - an amulet of reflection
   (You found it on level 3 of the Dungeon)
 u - an amulet of guardian spirit (around neck)
   (You found it on level 3 of the Dungeon)
Wands
 v - a wand of paralysis (12)
   (You found it on level 3 of the Dungeon)
Scrolls
 j - 3 scrolls of fog
 r - a scroll of identify
 s - a scroll of enchant weapon
 t - 2 scrolls of teleportation
 z - a scroll of blinking
Potions
 d - a potion of might
 h - 2 potions of haste
 i - a potion of brilliance
 w - a potion of heal wounds


   Skills:
 - Level 2.0 Fighting
 + Level 5.4 Short Blades
 - Level 1.7 Throwing
 - Level 2.6 Dodging


You had 4 spell levels left.
You didn't know any spells.
Your spell library contained the following spells:

 Spells                   Type           Power      Damage    Failure   Level
 Apportation              Tloc           0%         N/A       45%         1
 Necrotise                Necr           0%         1d4       45%         1
 Summon Small Mammal      Summ           0%         N/A       45%         1


Dungeon Overview and Level Annotations

Branches:
Dungeon (4/15) Zot: 21648
 Temple: D:4-7

Altars:
Makhleb


Innate Abilities, Weirdness & Mutations

You are surrounded by a mild repulsion field. (EV +2)
Your demonic aura often causes spilled blood to erupt in flames.


Message History

You puncture the orc!
You kill the orc!
The goblin hits you but does no damage. x2
You are poisoned.
You hit the ice beast.
The ice beast is lightly wounded.
You feel sick. The goblin hits you but does no damage.
The ice beast barely misses you.
The goblin hits you with a +1 dagger of venom.
You are more poisoned.
You feel very sick. The goblin hits you but does no damage.
You feel very sick.
It was a potion of heal wounds.
You feel much better.
w - a potion of heal wounds;
q - an amulet of reflection You feel sick.
The goblin barely misses you.
As you read the scroll of teleportation, it crumbles to dust.
You feel strangely unstable.
You feel sick. The goblin misses you.
Unknown command.
You feel sick.
You feel sick. The goblin attacks as you move away! The goblin misses you.
Your surroundings suddenly seem different.
You feel sick.
As you read the scroll of identify, it crumbles to dust.
i - a potion of brilliance You feel sick.
As you read the scroll of identify, it crumbles to dust.
k - a potion of might;
d - a potion of might;
k - 3 throwing nets (quivered)
You feel sick.
(D) Dungeon
Where to? (Enter - D:2 @ (x,y), ? - help)
You feel sick.
You are no longer poisoned.
You see here a +0 spear.
There is a stone staircase leading down here.
You climb downwards.
The jackal barks! x4
Found 18 gold pieces.
There is a stone staircase leading up here.
There are monsters nearby!
Unknown command.
There are monsters nearby!
There are monsters nearby!
Found an escape hatch in the ceiling.
The jackal closely misses you.
You see here 18 gold pieces.
You hit the jackal.
The jackal is moderately wounded.
The jackal closely misses you.
You puncture the jackal!
You kill the jackal!
The jackal barely misses you. The jackal completely misses you.
You hit the jackal.
The jackal is moderately wounded.
The jackal bites you but does no damage.
You hit the jackal.
You kill the jackal!
The jackal barely misses you.
You closely miss the jackal. The jackal bites you.
The jackal barely misses you. x3
You miss the jackal. The jackal misses you.
The jackal bites you but does no damage.
You hit the jackal.
The jackal is severely wounded.
The jackal is engulfed in blazing flames.
You kill the jackal!
The jackal bites you.
You hit the jackal.
The jackal is heavily wounded.
The jackal bites you.
You puncture the jackal!
You kill the jackal!
No target in view!
No target in view!
No target in view!
No target in view!
No target in view!
No target in view!
No target in view!
No target in view!
No target in view!
You now have 200 gold pieces (gained 18).
There is a stone staircase leading up, spattered with blood here.
Magic restored.
HP restored.
An iguana comes into view.
An iguana is nearby!
An iguana is nearby!
The iguana hisses angrily.
You hit the iguana.
The iguana is lightly wounded.
The iguana barely misses you.
You puncture the iguana!
The iguana is heavily wounded.
The iguana is engulfed in blazing flames.
You kill the iguana!
You have reached level 5!
Your demonic ancestry asserts itself...
You begin to radiate repulsive energy.
Are you sure you want to abandon this character and quit the game? (Confirm with "yes".)

####.... #......#
##......+ ###.......
........#
####....#.##
#..........#
#.☼@....# ###.#...#
#.#...#
###.###.####### ##
..............# .<
###.###....#.##.#.##
#.# ####.#<†......
#.# #.#......##
#.#........


There were no monsters in sight!

Vanquished Creatures
  A jelly (D:3)
  An iguana (D:4)
  3 gnolls (D:3)
  A worm (D:2)
  3 orcs (D:3)
  5 ball pythons
  3 endoplasms
  4 giant cockroaches
  9 hobgoblins
  7 jackals
  A quokka (D:1)
  9 bats
  4 frilled lizards
  2 goblins
  8 kobolds
  5 rats
66 creatures vanquished.

Notes
Turn   | Place    | Note
-------+----------+-------------------------------------------
     0 | D:1      | Flugkiller the Demonspawn Gladiator began the quest for the
                  | Orb.
     0 | D:1      | Reached XP level 1. HP: 16/16 MP: 1/1
   103 | D:1      | Reached skill level 3 in Short Blades
   170 | D:1      | Gained mutation: Your demonic aura sometimes causes spilled
                  | blood to erupt in flames. [demonic ancestry]
   170 | D:1      | Reached XP level 2. HP: 22/22 MP: 2/2
   926 | D:2      | Gained mutation: Your demonic aura often causes spilled
                  | blood to erupt in flames. [demonic ancestry]
   926 | D:2      | Reached XP level 3. HP: 27/27 MP: 3/3
   956 | D:2      | Identified the +4 short sword of the Wolf {freeze, rPois
                  | rN+ Dex-3}
  1041 | D:2      | Reached skill level 4 in Short Blades
  1662 | D:3      | Reached XP level 4. HP: 22/33 MP: 4/4
  1711 | D:3      | Identified the +1 leather armour "Dopuwk" {rF+ Regen+ rCorr
                  | Dex+4}
  1936 | D:3      | Found a burning altar of Makhleb.
  2055 | D:3      | Reached skill level 5 in Short Blades
  2279 | D:3      | Noticed an ice beast
  2353 | D:4      | Gained mutation: You are surrounded by a mild repulsion
                  | field. (EV +2) [demonic ancestry]
  2353 | D:4      | Reached XP level 5. HP: 38/38 MP: 5/5
  2353 | D:4      | Quit the game

Illustrated notes

Levels and vault maps discovered:
D:1:      amcnicky_arrival_wind_blow, layout_basic
D:2:      layout_basic
D:3:      layout_basic, lightli_temple_of_fire, minmay_randomly_rotated_circles
D:4:      layout_basic, mainiacjoe_overflow_brackets

Skill      XL: |  1  2  3  4 |
---------------+-------------+-----
Short Blades   | 3 4 5 |  5.4
Fighting       | |  2.0
Throwing       | |  1.7
Dodging        | |  2.6

Action                   |  1- 3 |  4- 6 || total
-------------------------+-------+-------++-------
Melee: Rapier            |   166 |    63 ||   229
       Punch             |     1 |     2 ||     3
  Use: Scroll            |     1 |     7 ||     8
       Potion            |       |     1 ||     1
 Stab: Sleeping          |     1 |       ||     1
Armor: Leather armour    |    82 |    28 ||   110
Dodge: Dodged            |   143 |    65 ||   208

Table legend: (Time is in decaauts)
 A = Elapsed time spent in this place.
 B = Non-inter-level travel time spent in this place.
 C = Inter-level travel time spent in this place.
 D = Time resting spent in this place.
 E = Time spent auto-exploring this place.
 F = Levels seen in this place.
 G = Mean time per level.
                   A        B        C        D        E       F      G
               +--------+--------+--------+--------+--------+-----+--------+
         Total |   2351 |   2173 |    178 |    118 |   1530 |   4 |  587.8 |
       Dungeon |   2351 |   2173 |    178 |    118 |   1530 |   4 |  587.8 |
               +--------+--------+--------+--------+--------+-----+--------+

Top non-repeatable levels by time:
     D:1: 916 daAuts
     D:2: 834 daAuts
     D:3: 573 daAuts
     D:4: 27 daAuts
